 Dungeon Crawl Stone Soup version 0.29-a0-344-ge2f44be95a (webtiles) character file.

Game seed: 2494114296873481810

65 NinjaNoafa the Digger (level 3, -1/26 HPs)
             Began as a Draconian Earth Elementalist on Apr 21, 2022.
             Slain by Edmund
             ... wielding a +3 vorpal flail
              (3 damage)
             ... on level 4 of the Dungeon.
             The game lasted 00:02:54 (1733 turns).

NinjaNoafa the Digger (DrEE)                        Turns: 1733, Time: 00:02:54

Health: -1/26      AC:  5    Str: 10    XL:     3   Next: 92%
Magic:  6/6        EV: 12    Int: 17    God:
Gold:   56         SH:  0    Dex: 11    Spells: 5/6 levels left

rFire   . . .      SeeInvis .   f - +0 hunting sling
rCold   . . .      Faith    .   (no shield)
rNeg    . . .      Spirit   .   (body armour unavailable)
rPois   +          Reflect  .   (helmet restricted)
rElec   .          Harm     .   (no cloak)
rCorr   .          Rampage  .   (no gloves)
Will    .....                   (no boots)
Stlth   ++........              (no amulet)
HPRegen 0.08/turn               h - ring of poison resistance
MPRegen 0.10/turn               (no ring)

@: no status effects
A: AC +5, unfitting armour, cold-blooded
a: no special abilities


You were on level 4 of the Dungeon.
You visited 1 branch of the dungeon, and saw 4 of its levels.

You collected 56 gold pieces.

Inventory:

Hand Weapons
 e - a +0 dagger
 f - a +0 hunting sling (weapon)
Missiles
 a - 77 stones
Jewellery
 h - a ring of poison resistance (left hand)
Scrolls
 g - a scroll of identify {unknown}
 i - a scroll of fear {unknown}
 k - a scroll of amnesia {unknown}
 m - a scroll of noise {unknown}
 n - a scroll of vulnerability {unknown}
 o - a scroll of magic mapping {unknown}
Potions
 b - a potion of magic
 c - a potion of mutation {unknown}
 d - 3 potions of curing {unknown}
 j - a potion of lignification {unknown}
 l - a potion of degeneration {unknown}


   Skills:
 + Level 2.1 Dodging
 * Level 2.8 Stealth
 + Level 2.2 Spellcasting
 + Level 1.0 Translocations
 + Level 1.6 Transmutations
 + Level 3.2 Earth Magic


You had 5 spell levels left.
You knew the following spells:

 Your Spells              Type           Power      Damage    Failure   Level
a - Sandblast             Erth           26%        2d8       4%          1

Your spell library contained the following spells:

 Spells                   Type           Power      Damage    Failure   Level
 Passwall                 Tmut/Erth      8%         N/A       11%         2
 Blink                    Tloc           10%        N/A       19%         2
 Stone Arrow              Conj/Erth      14%        3d7       28%         3
 Lesser Beckoning         Tloc           5%         N/A       36%         3
 Petrify                  Tmut/Erth      10%        N/A       56%         4
 Manifold Assault         Tloc           5%         N/A       98%         5


Dungeon Overview and Level Annotations

Branches:
Dungeon (3/15)             Temple (0/1) D:4

Altars:

Shops:
D:1 =

Annotations:
D:4 Edmund


Innate Abilities, Weirdness & Mutations

Your plain brown scales are hard. (AC +5)
You cannot fit into any form of body armour.
You are cold-blooded and may be slowed by cold attacks.


Message History

No target in view!
No target in view!
a - 78 stones (gained 13)
A hobgoblin comes into view.
The hobgoblin shouts!
You shoot a sling bullet.
The sling bullet closely misses the hobgoblin.
You shoot a sling bullet.
The sling bullet closely misses the hobgoblin.
Found a scroll labelled JUCIQIMILE.
You shoot a sling bullet. The sling bullet hits the hobgoblin.
The hobgoblin is moderately wounded.
You shoot a sling bullet.
The sling bullet hits the hobgoblin but does no damage.
The hobgoblin is moderately wounded.
The hobgoblin hits you but does no damage.
The hobgoblin barely misses you.
Casting: Sandblast (safe; 4% risk of failure)
Confirm with . or Enter, or press ? or * to list all spells.
Aiming: Sandblast (safe; 4% risk of failure)
Press: ? - help, Shift-Dir - straight line, f/p - hobgoblin
Aim: a hobgoblin (moderately wounded, 79% to hit)
The blast of sand hits the hobgoblin.
You kill the hobgoblin!
a - 77 stones Magic restored.
o - a scroll labelled JUCIQIMILE A sourceless malevolence fills the Dungeon...
You fall into a shaft and drop 1 floor!
The shaft crumbles and collapses.
Found a ring mail.
Found a staircase to the Ecumenical Temple.
A kobold comes into view. It is wielding a +0 dagger.
Found 10 gold pieces.
Found a stone staircase leading up.
The kobold shouts!
You hear a shout!
Edmund the Younger comes into view.
He is wielding a +3 vorpal flail.
Edmund hits you with a +3 vorpal flail! Edmund hits you with a +3 vorpal flail!
* * * LOW HITPOINT WARNING * * *
You die...

##...# #.# ##...$.#
####.#####
#.......##........#
##.....<..#.##...#.#
+.....K............#
.....#.#...##...#.#
..#.#K#..##..##.#
#.#.#.#.###.# #
#@@.#..# #.#
#.#.#.#.# #[#
..#.#.#.... #....#
#...### #.#... ...#
. ##. ### ##


You could see Edmund and a kobold.

Vanquished Creatures
  2 adders (D:2)
  4 dart slugs
  4 ball pythons
  6 bats
  4 endoplasms
  A giant cockroach (D:2)
  3 goblins
  2 hobgoblins
  2 quokkas
  A frilled lizard (D:2)
  4 kobolds
  3 rats
36 creatures vanquished.

Notes
Turn   | Place    | Note
-------+----------+-------------------------------------------
     0 | D:1      | NinjaNoafa the Draconian Earth Elementalist began the quest
                  | for the Orb.
     0 | D:1      | Reached XP level 1. HP: 14/14 MP: 3/3
   205 | D:1      | Reached XP level 2. HP: 20/20 MP: 3/5
   250 | D:1      | Found Nussameu's Jewellery Shop.
   791 | D:2      | Reached XP level 3. HP: 17/26 MP: 2/6
  1590 | D:2      | Found a faded altar of an unknown god.
  1652 | D:3      | Reached skill level 1 in Translocations
  1723 | D:3      | You fall into a shaft and drop 1 floor!
  1727 | D:4      | Found a staircase to the Ecumenical Temple.
  1731 | D:4      | Noticed Edmund
  1733 | D:4      | Slain by Edmund

Illustrated notes

Levels and vault maps discovered:
D:1:      roderic_octagonal_star, layout_basic, serial_shops, nicolae_shop_trees
D:2:      layout_loops_ring, ebering_ecumenical_altar_hall,
          hangedman_decor_riveting, minmay_tall_x
D:3:      layout_loops_ring
D:4:      layout_loops_corners, minmay_temple_entry_grid, serial_shops, shop,
          st_stairs_4, kennysheep_generic_room_8, uniq_menkaure, uniq_edmund

Skill      XL: |  1  2  3 |
---------------+----------+-----
Stealth        | 2 |  2.8
Dodging        | 2 |  2.1
Translocations | 1 |  1.0
Spellcasting   | |  2.2
Transmutations | |  1.6
Earth Magic    | |  3.2

Action                   || total
-------------------------++-------
Melee: Unarmed           ||     8
       Tailslap          ||     1
 Fire: Hunting sling     ||    59
 Cast: Sandblast         ||    28
Armor: Skin              ||    12
Dodge: Dodged            ||    28

Table legend: (Time is in decaauts)
 A = Elapsed time spent in this place.
 B = Non-inter-level travel time spent in this place.
 C = Inter-level travel time spent in this place.
 D = Time resting spent in this place.
 E = Time spent auto-exploring this place.
 F = Levels seen in this place.
 G = Mean time per level.
                   A        B        C        D        E       F      G
               +--------+--------+--------+--------+--------+-----+--------+
         Total |   1760 |   1706 |     54 |      0 |   1465 |   4 |  440.0 |
       Dungeon |   1760 |   1706 |     54 |      0 |   1465 |   4 |  440.0 |
               +--------+--------+--------+--------+--------+-----+--------+

Top non-repeatable levels by time:
     D:2: 948 daAuts
     D:1: 725 daAuts
     D:3: 76 daAuts
     D:4: 9 daAuts
